Cogmind - Beta 15 @@@ ROGUE MODE // 2025.07.26 @ 16:14:49 Player: LightKnight Result: Destroyed by G-67 Veteran with Field Laser Performance ------------- Evolutions (6) 3000 Regions Visited (10) 2000 Robots Destroyed (1) 5 Value Destroyed (72) 72 Prototype IDs (1) 20 Alien Tech Used (0) 0 Bonus (1664) 1664 TOTAL SCORE: 6761 Bonus ------- Pacifist 364 Entered DSFs 1000 Registered with UFD 300 Cogmind --------- Core Integrity 0/1150 Matter 198/300 Energy 98/100 System Corruption 12% Temperature Cool (12) Movement Core (50) Location -4/Factory Parts ------- > --- POWER (2) -------- (None) > --- PROPULSION (7) --- (None) > --- UTILITY (8) ------ (None) > --- WEAPON (2) ------- (None) > --- INVENTORY (5) ---- Advanced Terrain Scanner Phase Gun Light Assault Rifle Peak State ------------ > --- POWER ------------ Angular Momentum Engine Micro Fission Core > --- PROPULSION ------- Gyrokinetic Inverter Gyrokinetic Inverter Improved Linear Gravjet Improved Linear Gravjet Impulse Thruster > --- UTILITY ---------- Triangulator Enhanced Optical Array Improved Sensor Array Improved Signal Interpreter Graphene Brace Improved Hacking Suite > --- WEAPON ----------- Flail > --- INVENTORY -------- Advanced Terrain Scanner Phase Gun Light Assault Rifle [Rating: 75] Favorites ----------- Power Light Ion Engine Engine Light Ion Engine Power Core Micro Fission Core Propulsion Aluminum Leg Leg Aluminum Leg Hover Unit Gyrokinetic Inverter Flight Unit Impulse Thruster Utility Small Storage Unit Device Improved Sensor Array Storage Small Storage Unit Processor Improved Signal Interpreter Hackware Improved Hacking Suite Weapon Assault Rifle Energy Gun High-powered Shock Rifle Ballistic Gun Assault Rifle Impact Weapon Flail Build | -11 -10 -10 -8 -6 -6 -5 -5 -5 -5 -4 ------- Run | Yrd Mat Sub Scr Fac DSF Fac Was Fac DSF Fac Slots Evolved 12 | . . . . 8 . 2 . . . 2 Power 1 | . . . . 1 . . . . . . Propulsion 5 | . . . . 4 . . . . . 1 Utility 6 | . . . . 3 . 2 . . . 1 Weapon . | . . . . . . . . . . . Parts Attached 18 | 1 . . . . . 6 . 4 . 7 Power 2 | . . . . . . 1 . 1 . . Engine 1 | . . . . . . 1 . . . . Core 1 | . . . . . . . . 1 . . Reactor . | . . . . . . . . . . . Propulsion 6 | . . . . . . 2 . . . 4 Treads . | . . . . . . . . . . . Leg . | . . . . . . . . . . . Wheel . | . . . . . . . . . . . Hover 5 | . . . . . . 2 . . . 3 Flight 1 | . . . . . . . . . . 1 Utility 7 | . . . . . . 2 . 2 . 3 Device 4 | . . . . . . 1 . 1 . 2 Storage . | . . . . . . . . . . . Processor 2 | . . . . . . 1 . . . 1 Hackware 1 | . . . . . . . . 1 . . Protection . | . . . . . . . . . . . Artifact . | . . . . . . . . . . . Weapon 3 | 1 . . . . . 1 . 1 . . Energy Gun 1 | . . . . . . 1 . . . . Energy Cannon . | . . . . . . . . . . . Ballistic Gun 1 | 1 . . . . . . . . . . Ballistic Cannon . | . . . . . . . . . . . Launcher . | . . . . . . . . . . . Special Weapon . | . . . . . . . . . . . Impact Weapon 1 | . . . . . . . . 1 . . Slashing Weapon . | . . . . . . . . . . . Piercing Weapon . | . . . . . . . . . . . Special Melee Weapon . | . . . . . . . . . . . Unidentified Prototypes 1 | . . . . . . . . 1 . . Parts Lost 8 | . . . . . 1 . . . 1 6 Power 2 | . . . . . 1 . . . . 1 Propulsion 4 | . . . . . . . . . 1 3 Utility 2 | . . . . . . . . . . 2 Weapon . | . . . . . . . . . . . Highest Loss Streak 6 | . . . . . 1 . . . 1 6 To Critical Strikes . | . . . . . . . . . . . Average Backups 5 | 6 6 6 7 8 7 4 4 4 3 3 Power . | 1 1 1 1 1 1 . . . 1 . Propulsion 2 | 4 4 4 4 4 2 . . . . . Utility . | . . . . 1 1 2 2 1 1 1 Weapon 1 | 1 1 1 1 2 2 2 2 1 1 2 Tool/Special . | . . . . . . . . . . . Unused Backups 3 | . . . . . . . . . . 3 Power . | . . . . . . . . . . . Propulsion . | . . . . . . . . . . . Utility 1 | . . . . . . . . . . 1 Weapon 2 | . . . . . . . . . . 2 Tool/Special . | . . . . . . . . . . . Average Slot Usage (%) 63 | . 85 85 85 40 29 13 29 32 39 53 Engine 9 | . 14 14 14 6 3 2 5 2 . 2 Leg 16 | . 28 28 28 13 9 . . . . . Hover 3 | . . . . . . 4 11 11 9 14 Device 2 | . . . . . . 2 5 6 5 10 Storage 8 | . 14 14 14 6 4 . . . . . Processor 2 | . . . . . . 2 5 5 5 8 Ballistic Gun 16 | . 28 28 28 13 9 . . . . . Peak Build Rating 75 | 6 6 6 7 7 7 24 24 32 32 75 Average Rating 17 | 6 6 6 6 7 5 12 24 26 28 55 On Entrance 13 | 6 6 6 6 7 7 1 24 24 32 26 Naked Turns 83 | . . . . . 18 47 . . . 18 Heaviest Build 23 | 12 12 12 12 12 12 14 14 14 8 23 Greatest Support 42 | 20 20 20 20 20 20 20 20 20 11 42 Greatest Overweight (x) 1 | . . . . . . 1 . . . 1 Average Overweight (x) . | . . . . . . . . . . . Largest Inventory Capacity 8 | 8 8 8 8 8 8 5 5 5 5 5 Average Capacity 6 | 8 8 8 8 8 7 5 5 5 5 5 Most Carried 8 | 6 6 6 8 8 8 5 4 5 3 5 Average Carried 5 | 6 6 6 7 8 6 4 4 4 3 3 Final Capacity 8 | 8 8 8 8 8 5 5 5 5 5 5 Final Carried 8 | 6 6 6 8 8 5 4 4 3 3 3 Class Distribution -------------------- 88% | Mutant 11% | Ninja Dominant Class ---------------- Mutant | -10/Materials Mutant | -10/Subcaves Mutant | -8/Scraptown Mutant | -6/Factory Mutant | -6/DSF Mutant | -5/Factory Mutant | -5/Waste Mutant | -5/Factory Mutant | -5/DSF Ninja | -4/Factory Resources | -11 -10 -10 -8 -6 -6 -5 -5 -5 -5 -4 ----------- Run | Yrd Mat Sub Scr Fac DSF Fac Was Fac DSF Fac Matter Collected 294 | 200 . 13 . . 30 . . . . 51 Remotely . | . . . . . . . . . . . Salvage Created 58 | . . . . . 58 . . . . . Parts 3 | . . . . . 3 . . . . . Haulers Intercepted . | . . . . . . . . . . . Recyclers Shooed . | . . . . . . . . . . . Parts Field Recycled . | . . . . . . . . . . . Retrieved Matter . | . . . . . . . . . . . Parts Self-Destructed . | . . . . . . . . . . . Prevented . | . . . . . . . . . . . Kills | -11 -10 -10 -8 -6 -6 -5 -5 -5 -5 -4 ------- Run | Yrd Mat Sub Scr Fac DSF Fac Was Fac DSF Fac Combat Hostiles Destroyed 1 | . . . . . 1 . . . . . Guns 1 | . . . . . 1 . . . . . Classes Destroyed 1 | . . . . . 1 . . . . . Specialist 1 | . . . . . 1 . . . . . Best Kill Streak 1 | . . . . . 1 . . . . . Combat Bots Only 1 | . . . . . 1 . . . . . Max Kills in Single Turn 1 | . . . . . 1 . . . . . Gunslinging . | . . . . . . . . . . . Exploded . | . . . . . . . . . . . Melee . | . . . . . . . . . . . Uniques/NPCs Destroyed . | . . . . . . . . . . . Combat | -11 -10 -10 -8 -6 -6 -5 -5 -5 -5 -4 -------- Run | Yrd Mat Sub Scr Fac DSF Fac Was Fac DSF Fac Hostile Shots Fired 136 | . . . . . 42 . 1 . 1 92 Missed 49 | . . . . . 12 . 1 . . 36 Hits 87 | . . . . . 30 . . . 1 56 Melee 13 | . . . . . 13 . . . . . Projectile 74 | . . . . . 17 . . . 1 56 AOE 2 | . . . . . 2 . . . . . Critical Strikes 13 | . . . . . 5 . . . . 8 Actively Blocked 5 | . . . . . . . . . . 5 Damage Taken 2297 | . . . . . 606 . . . 67 1624 Core 1435 | . . . . . 284 . . . . 1151 Absorbed by Shields . | . . . . . . . . . . . Core Remaining (%) 91 | 100 . . 100 . 66 . . . 100 . Volleys Fired 9 | . 1 . . . 6 2 . . . . Largest 2 | . 2 . . . 2 1 . . . . Hottest 60 | . 40 . . . 40 60 . . . . Shots Fired 15 | . 2 . . . 11 2 . . . . Gun 15 | . 2 . . . 11 2 . . . . Cannon . | . . . . . . . . . . . Launcher . | . . . . . . . . . . . Special . | . . . . . . . . . . . Kinetic 13 | . 2 . . . 11 . . . . . Thermal . | . . . . . . . . . . . Explosive . | . . . . . . . . . . . Electromagnetic 2 | . . . . . . 2 . . . . Robot Hit Streak 4 | . 1 . . . 4 . . . . . Robot Miss Streak 3 | . 1 . . . 3 . . . . . Penetration Max . | . . . . . . . . . . . Secondary Targets . | . . . . . . . . . . . Shots Hit Robots 9 | . 1 . . . 6 . . . . 2 Core Hits 3 | . . . . . 3 . . . . . Critical Kills . | . . . . . . . . . . . Critical Parts Destroyed 1 | . . . . . . . . . . 1 Critical Strikes 1 | . . . . . . . . . . 1 Smash 1 | . . . . . . . . . . 1 Melee Attacks 6 | . . . . . . . . . . 6 Impact 6 | . . . . . . . . . . 6 Slashing . | . . . . . . . . . . . Piercing . | . . . . . . . . . . . Sneak Attacks . | . . . . . . . . . . . Combat Hostiles . | . . . . . . . . . . . Follow-up Attacks . | . . . . . . . . . . . Damage Inflicted 215 | . 15 . . . 92 . . . . 108 Guns 107 | . 15 . . . 92 . . . . . Cannons . | . . . . . . . . . . . Explosions . | . . . . . . . . . . . Melee 106 | . . . . . . . . . . 106 Ramming 2 | . . . . . . . . . . 2 Kinetic 107 | . 15 . . . 92 . . . . . Thermal . | . . . . . . . . . . . Explosive . | . . . . . . . . . . . Electromagnetic . | . . . . . . . . . . . Impact 106 | . . . . . . . . . . 106 Slashing . | . . . . . . . . . . . Piercing . | . . . . . . . . . . . Highest Corruption 12 | . . . . . . . . . . 12 Average Corruption 6 | . . . . . . . . . . 6 Corruption Purged . | . . . . . . . . . . . Corruption Blocked . | . . . . . . . . . . . Effects 3 | . . . . . . . . . . 3 Heat Flow Errors 1 | . . . . . . . . . . 1 Data Loss (major) 2 | . . . . . . . . . . 2 Overload Shots . | . . . . . . . . . . . Overflow Damage 59 | . . . . . . . . . . 59 Projectiles . | . . . . . . . . . . . Explosions . | . . . . . . . . . . . Melee 59 | . . . . . . . . . . 59 Knockbacks . | . . . . . . . . . . . Impact . | . . . . . . . . . . . Kinetic . | . . . . . . . . . . . Secondary . | . . . . . . . . . . . Self-Inflicted Damage 1 | . . . . . . . . . . 1 Shots . | . . . . . . . . . . . Rammed 1 | . . . . . . . . . . 1 Targets Rammed 2 | . 1 . . . . . . . . 1 Kicked 1 | . 1 . . . . . . . . . Crushed . | . . . . . . . . . . . Highest Temperature 239 | . . . . . . . . . . 239 Average Temperature 138 | . . . . . . . . . . 138 Received Heat Transfer 102 | . . . . . 57 . . . . 45 Effects 1 | . . . . . . . . . . 1 Energy Bleed 1 | . . . . . . . . . . 1 Siege Activations . | . . . . . . . . . . . Martial Activations . | . . . . . . . . . . . Shielding Activations . | . . . . . . . . . . . Robots Disrupted . | . . . . . . . . . . . Combat Hostiles . | . . . . . . . . . . . Robots Corrupted . | . . . . . . . . . . . Combat Hostiles . | . . . . . . . . . . . Parts Fried . | . . . . . . . . . . . Impact Corruptions 1 | . . . . . . . . . . 1 Robots Melted . | . . . . . . . . . . . Combat Hostiles . | . . . . . . . . . . . Parts Melted . | . . . . . . . . . . . Heat Transferred . | . . . . . . . . . . . Parts Sabotaged . | . . . . . . . . . . . Parts Stolen . | . . . . . . . . . . . Parts Stripped . | . . . . . . . . . . . Power Chain Reactions . | . . . . . . . . . . . Alert | -11 -10 -10 -8 -6 -6 -5 -5 -5 -5 -4 ------- Run | Yrd Mat Sub Scr Fac DSF Fac Was Fac DSF Fac Maximum Alert Level . | . . . . . . . . . . . Low Security (%) 100 | 100 100 . . 100 100 100 100 100 100 100 Level 1 . | . . . . . . . . . . . Level 2 . | . . . . . . . . . . . Level 3 . | . . . . . . . . . . . Level 4 . | . . . . . . . . . . . Level 5 . | . . . . . . . . . . . High Security . | . . . . . . . . . . . Max Security . | . . . . . . . . . . . Peak Influence 45 | . . . . . 43 37 . . 2 45 Initial 22 | . . . . . 3 22 . . 2 . Average 6 | . . . . . 18 15 . . . 4 Influence Increases 165 | . . . . 5 50 30 . 3 . 77 Destroy 0b10 Robot/C 20 | . . . . . 20 . . . . . Successful Hack 8 | . . . . 5 . . . 3 . . Disable Machine 15 | . . . . . . 15 . . . . Destroy Structure 2 | . . . . . . . . . . 2 Partial Spotted 15 | . . . . . . 15 . . . . Lose Combat Pursuer 105 | . . . . . 30 . . . . 75 Influence Decreases 165 | . . . . . 12 73 . . 3 77 Entered New Map 24 | . . . . . 2 21 . . 1 . Time Decay 84 | . . . . . . 52 . . . 32 Lost Part 57 | . . . . . 10 . . . 2 45 Squads Dispatched 6 | . . . . . 1 . . 1 . 4 Investigation 3 | . . . . . . . . 1 . 2 Extermination 1 | . . . . . . . . . . 1 Reinforcement 2 | . . . . . 1 . . . . 1 Assault . | . . . . . . . . . . . Garrison . | . . . . . . . . . . . Intercept . | . . . . . . . . . . . Searches Triggered . | . . . . . . . . . . . Construction Impeded . | . . . . . . . . . . . Haulers Reinforced . | . . . . . . . . . . . Active Scanning Responses . | . . . . . . . . . . . Cargo Convoy Interrupts . | . . . . . . . . . . . Stealth | -11 -10 -10 -8 -6 -6 -5 -5 -5 -5 -4 --------- Run | Yrd Mat Sub Scr Fac DSF Fac Was Fac DSF Fac Distress Signals 1 | . . . . . . . . . . 1 Communications Jammed . | . . . . . . . . . . . Distress Signals . | . . . . . . . . . . . Times Spotted 32 | . 1 . . . 6 . 5 . . 20 Peak Tracking Total 10 | . 1 . . . 5 . 5 . 1 10 Tactical Retreats 4 | . . . . . 1 . . . . 3 Traps | -11 -10 -10 -8 -6 -6 -5 -5 -5 -5 -4 ------- Run | Yrd Mat Sub Scr Fac DSF Fac Was Fac DSF Fac Traps Triggered 4 | . . . . . . 1 . 1 . 2 Indirectly . | . . . . . . . . . . . Trap Hack Attempts . | . . . . . . . . . . . Triggered . | . . . . . . . . . . . Disarmed . | . . . . . . . . . . . Reprogrammed . | . . . . . . . . . . . Reused . | . . . . . . . . . . . Traps Extracted . | . . . . . . . . . . . Installed . | . . . . . . . . . . . Triggered . | . . . . . . . . . . . Machines | -11 -10 -10 -8 -6 -6 -5 -5 -5 -5 -4 ---------- Run | Yrd Mat Sub Scr Fac DSF Fac Was Fac DSF Fac Machines Disabled 1 | . . . . . . 1 . . . . Max in Single Turn 1 | . . . . . . 1 . . . . Garrison Access 1 | . . . . . . . . . . 1 Machines Repaired . | . . . . . . . . . . . Machines Dismantled . | . . . . . . . . . . . Machines Sabotaged . | . . . . . . . . . . . Overloaded Fab Kills . | . . . . . . . . . . . Hacking | -11 -10 -10 -8 -6 -6 -5 -5 -5 -5 -4 --------- Run | Yrd Mat Sub Scr Fac DSF Fac Was Fac DSF Fac Machines Accessed 8 | . . . . 1 . 1 . 2 . 4 Terminals 7 | . . . . 1 . 1 . 2 . 3 Fabricators . | . . . . . . . . . . . Repair Stations . | . . . . . . . . . . . Recycling Units . | . . . . . . . . . . . Scanalyzers . | . . . . . . . . . . . Garrison Access 1 | . . . . . . . . . . 1 Total Hacks 15 | . . . . 2 . 1 . 3 . 9 Successful 5 | . . . . 1 . 1 . 1 . 2 Failed 10 | . . . . 1 . . . 2 . 7 Catastrophic 3 | . . . . . . . . 1 . 2 Database Lockouts . | . . . . . . . . . . . Manual 5 | . . . . . . . . 1 . 4 Terminals 13 | . . . . 2 . 1 . 3 . 7 Fabricators . | . . . . . . . . . . . Repair Stations . | . . . . . . . . . . . Recycling Units . | . . . . . . . . . . . Scanalyzers . | . . . . . . . . . . . Garrison Access 2 | . . . . . . . . . . 2 Terminal Hacks 3 | . . . . 1 . 1 . 1 . . Open DSF 3 | . . . . 1 . 1 . 1 . . Fabricator Hacks . | . . . . . . . . . . . Repair Station Hacks . | . . . . . . . . . . . Recycling Unit Hacks . | . . . . . . . . . . . Scanalyzer . | . . . . . . . . . . . Garrison Access Hacks 1 | . . . . . . . . . . 1 Seal Access 1 | . . . . . . . . . . 1 Unauthorized Hacks 1 | . . . . . . . . . . 1 Terminals 1 | . . . . . . . . . . 1 Botnet 1 | . . . . . . . . . . 1 Fabricators . | . . . . . . . . . . . Repair Stations . | . . . . . . . . . . . Recycling Units . | . . . . . . . . . . . Scanalyzers . | . . . . . . . . . . . Garrison Access . | . . . . . . . . . . . Data Cores Recovered . | . . . . . . . . . . . Used . | . . . . . . . . . . . Hacking Detections 7 | . . . . 1 . . . 2 . 4 Full Trace Events 2 | . . . . . . . . . . 2 Feedback Events 1 | . . . . . . . . . . 1 Corruption 1 | . . . . . . . . . . 1 Feedback Blocked . | . . . . . . . . . . . Robot Schematics Acquired . | . . . . . . . . . . . Robots Built . | . . . . . . . . . . . Authchips . | . . . . . . . . . . . Time . | . . . . . . . . . . . Total Robot Build Rating . | . . . . . . . . . . . Part Schematics Acquired . | . . . . . . . . . . . Parts Built . | . . . . . . . . . . . Authchips . | . . . . . . . . . . . Time . | . . . . . . . . . . . Total Part Build Rating . | . . . . . . . . . . . Parts Repaired . | . . . . . . . . . . . Time . | . . . . . . . . . . . Parts Recycled . | . . . . . . . . . . . Recycled Matter . | . . . . . . . . . . . Retrieved Matter . | . . . . . . . . . . . Retrieved Components . | . . . . . . . . . . . Parts Scanalyzed . | . . . . . . . . . . . Part Schematics Acquired . | . . . . . . . . . . . Parts Damaged . | . . . . . . . . . . . Bothacking | -11 -10 -10 -8 -6 -6 -5 -5 -5 -5 -4 ------------ Run | Yrd Mat Sub Scr Fac DSF Fac Was Fac DSF Fac Used RIF Installer . | . . . . . . . . . . . Robots Hacked . | . . . . . . . . . . . Non-combat . | . . . . . . . . . . . Combat . | . . . . . . . . . . . Robot Hacks Applied . | . . . . . . . . . . . Relay Couplers Released . | . . . . . . . . . . . Fabnet Peak Effective % . | . . . . . . . . . . . Robots Rewired . | . . . . . . . . . . . Allies Hacked . | . . . . . . . . . . . Hacks Repelled . | . . . . . . . . . . . Allies | -11 -10 -10 -8 -6 -6 -5 -5 -5 -5 -4 -------- Run | Yrd Mat Sub Scr Fac DSF Fac Was Fac DSF Fac Total Allies . | . . . . . . . . . . . Largest Group . | . . . . . . . . . . . Highest-Rated Group . | . . . . . . . . . . . Highest-Rated Ally . | . . . . . . . . . . . Total Orders . | . . . . . . . . . . . Ally Attacks . | . . . . . . . . . . . Total Damage . | . . . . . . . . . . . Kills . | . . . . . . . . . . . Allies Corrupted . | . . . . . . . . . . . Allies Melted . | . . . . . . . . . . . Intel | -11 -10 -10 -8 -6 -6 -5 -5 -5 -5 -4 ------- Run | Yrd Mat Sub Scr Fac DSF Fac Was Fac DSF Fac Active Infowar (turns) 432 | . . . . . . 91 50 54 16 221 Optics 165 | . . . . . . . . . . 165 Sensors 407 | . . . . . . 91 50 54 16 196 Triangulation 145 | . . . . . . . . . . 145 Robot Analysis Total . | . . . . . . . . . . . Derelict Logs Recovered . | . . . . . . . . . . . Drone Launches . | . . . . . . . . . . . Drone Recoveries . | . . . . . . . . . . . Exploration | -11 -10 -10 -8 -6 -6 -5 -5 -5 -5 -4 ------------- Run | Yrd Mat Sub Scr Fac DSF Fac Was Fac DSF Fac Turns Passed 1371 | 2 162 90 536 6 70 146 50 54 16 239 Spaces Moved 1587 | 1 132 47 446 6 63 215 99 104 30 444 Core 178 | . . . . . 36 105 . . . 37 Treads . | . . . . . . . . . . . Legs 659 | 1 132 47 446 6 27 . . . . . Wheels . | . . . . . . . . . . . Hover 652 | . . . . . . 110 99 104 30 309 Flight 98 | . . . . . . . . . . 98 Fastest Speed 40 | 120 120 120 120 120 50 50 51 40 40 40 Average Speed 78 | 120 120 120 120 120 80 57 51 44 54 46 Slowest Speed 120 | 120 120 120 120 120 120 120 51 51 70 106 Overloaded Moves . | . . . . . . . . . . . Propulsion Burnouts . | . . . . . . . . . . . Robots Hopped . | . . . . . . . . . . . Potential Cave-ins . | . . . . . . . . . . . Cave-ins Triggered . | . . . . . . . . . . . Exploration Rate (%) 30 | 2 27 3 57 . 69 4 76 3 41 21 Regions Visited 10 Branch Regions 2 Pre-discovered Areas . | . . . . . . . . . . . Known Exits Taken 2 | . . . . 1 . . . 1 . . Unknown Exits Taken 4 | 1 1 1 1 . . . . . . . Scrap Searched 2 | . . 1 1 . . . . . . . Spaces Dug 1 | . . . . . . . . . . 1 Terrain Destroyed 1 | . . . . . . . . . . 1 Melee 1 | . . . . . . . . . . 1 Projectile . | . . . . . . . . . . . AOE . | . . . . . . . . . . . Terrain Rammed . | . . . . . . . . . . . Walls Destroyed . | . . . . . . . . . . . Machines Disabled . | . . . . . . . . . . . Actions | -11 -10 -10 -8 -6 -6 -5 -5 -5 -5 -4 --------- Run | Yrd Mat Sub Scr Fac DSF Fac Was Fac DSF Fac Total 1677 | 1 133 80 447 5 75 234 98 112 29 463 Wait 44 | . . 34 . . . 10 . . . . Move 1578 | . 131 46 445 5 62 215 98 103 29 444 Hop . | . . . . . . . . . . . Pick Up 8 | . . . 2 . 2 . . 2 . 2 Fast Attach 12 | . . . . . . 5 . 1 . 6 Attach 7 | . . . . . . 1 . 3 . 3 Detach 2 | . . . . . . . . 1 . 1 Swap 1 | 1 . . . . . . . . . . Drop 8 | . . . . . 5 1 . 2 . . Fire 9 | . 1 . . . 6 2 . . . . Melee 6 | . . . . . . . . . . 6 Ram 1 | . . . . . . . . . . 1 Kick 1 | . 1 . . . . . . . . . Crush . | . . . . . . . . . . . Escape Stasis . | . . . . . . . . . . . Rewire . | . . . . . . . . . . . Trap . | . . . . . . . . . . . Miscellaneous . | . . . . . . . . . . . Route ------- -11/Scrapyard -10/Materials (discovered 2 exits: [*Mat] / [*Sub]) -10/Subcaves -8/Scraptown -6/Factory -6/DSF -5/Factory -5/Waste -5/Factory -5/DSF -4/Factory History --------- Turn | Location | Event 3 | -11/Scrapyard | Discovered new exit (range 0) 3 | -11/Scrapyard | Entered Materials 4 | -10/Materials | Met a group of wandering Federalists 99 | -10/Materials | Discovered new exit (range 7) 119 | -10/Materials | Discovered new exit (range 5) 165 | -10/Materials | Entered Subcaves 166 | -10/Subcaves | Continued accompanying wandering Federalists (6) 166 | -10/Subcaves | Approached by a straggling Scientist 251 | -10/Subcaves | Scientist uncovered a shortcut to Scraptown 255 | -10/Subcaves | Entered Scraptown 307 | -8/Scraptown | Build established: Mutant 542 | -8/Scraptown | Visited UFD Registry 542 | -8/Scraptown | Registered with UFD as "Smoothdisc" 573 | -8/Scraptown | Visited Science Guys 591 | -8/Scraptown | Visited Derelict Rescue Squad 609 | -8/Scraptown | Visited Supply Room 627 | -8/Scraptown | Visited Scrapoid Research Area 643 | -8/Scraptown | Visited Research Penetration Think Tank 679 | -8/Scraptown | Visited Botcube Research 699 | -8/Scraptown | Visited Curators Association 721 | -8/Scraptown | Visited Science Testing Area 785 | -8/Scraptown | Discovered new exit (range 5) 791 | -8/Scraptown | Entered Factory 791 | -6/Factory | Evolved 8 slots: Power x1, Propulsion x4, Utility x3 797 | -6/Factory | Identified exit to DSF 797 | -6/Factory | Entered DSF 840 | -6/DSF | Additional patrols routed to DSF 849 | -6/DSF | Released all parts (3) 859 | -6/DSF | Discovered new exit (range 15) 867 | -6/DSF | Entered Factory 867 | -5/Factory | Evolved 2 slots: Utility x2 1013 | -5/Factory | Sucked down chute 1013 | -5/Factory | Entered Waste 1022 | -5/Waste | Spotted C-40 Crusher 1026 | -5/Waste | Spotted C-40 Crusher 1028 | -5/Waste | Spotted C-40 Crusher 1043 | -5/Waste | Spotted C-40 Crusher 1050 | -5/Waste | Spotted C-40 Crusher 1059 | -5/Waste | Discovered new exit (range 10) 1063 | -5/Waste | Identified exit to Factory 1063 | -5/Waste | Entered Factory 1117 | -5/Factory | Identified exit to DSF 1117 | -5/Factory | Entered DSF 1125 | -5/DSF | Discovered new exit (range 11) 1132 | -5/DSF | Identified exit to Factory 1133 | -5/DSF | Entered Factory 1133 | -4/Factory | Evolved 2 slots: Propulsion x1, Utility x1 1330 | -4/Factory | System corruption reached 10% 1350 | -4/Factory | Core integrity fell below 50% 1354 | -4/Factory | Released all parts (8) 1361 | -4/Factory | Core integrity fell below 20% 1372 | -4/Factory | Destroyed by G-67 Veteran with Field Laser Last Messages --------------- 01349_ Fusion Modulator explodes. 01349_ K-01 Serf destroyed. 01349_ R-10 Processor collects Hpw. Shock Rifle. 01353_ Penetrated by Slug. 01354_ Triangulator destroyed. 01354_ Released Gyrokinetic Inverter. 01354_ Released Mic. Fission Core. 01354_ Released Imp. Signal Interpreter. 01354_ Released Gyrokinetic Inverter. 01354_ Released Imp. Hacking Suite. 01354_ Released Graphene Brace. 01354_ Released Enh. Optical Array. 01354_ Released Flail. 01355_ Penetrated by Slug. 01357_ Door malfunctions. 01359_ System corrupted: Substantial component data lost. 01372_ Slug penetrates Door. 01372_ Slug penetrates Wall. 01372_ Penetrated by Slug. 01372_ Slug penetrates Wall. Map ----- +----------------------------------------------------+ | ??????????????????????????????????????# | | ??????????????????????????????????????# | | ??????????????????????????????????????# | | ???????????????????????????????######## | | ?????????????????????????????# | | ?????????????????????????????# | | ?????????????????????????????# | | ?????????????????????????????# ] ! | | ?????????????????????????????? =%! | | ?????????????????????????????# #!% | | ???????????????????????????? # ??#!| | | ???????????????????????????? #? ????#* | | ???????????????????????????? #? ??????# ###/## | | ????????????????????????####h########## #? | | ????????????????????????# #? | | ????????????????????????# ^ # """ | | ????????????????????????# + """ | | ????????????????????????# ^ # """ | | ??????????????########### # | | ??????????????# # ###############? | | ??????????????# # #???????????????? | | ??????????????# # k #?????????????????## | | ??????????????# ; +??????????????????? | | ??????????????# # u#??????????????????? | | ??????????????# # #??????????????????? | | ??????????????# #@ #??????????????????? | | ??????????????# # #??????????????????? | | ??????????????########### g #??????????????????? | | ????????????????????????# gA #??????????????????? | | ????????????????????????; #??????????????????? | | ????????????????????????# #??????????????????? | | ????????????????????????# #??????????????????? | | ????????????????????????# k#??????????????????? | | ????????????????????????# #??????????????????? | | ????????????????????????? #??????????????????? | | ????????????????????????? #??????????????????? | | ????????????????????????? w #??????????????????? | | ????????????????????????? #??????????????????? | | ????????????????????????? #??????????????????? | | ????????????????????????? ???????????????????? | | ????????????????????????? ?????????????????????? | | ?????????????????????????????????????????????????? | | ?????????????????????????????????????????????????? | | ?????????????????????????????????????????????????? | | ?????????????????????????????????????????????????? | | ?????????????????????????????????????????????????? | | ?????????????????????????????????????????????????? | | ?????????????????????????????????????????????????? | | ?????????????????????????????????????????????????? | | ?????????????????????????????????????????????????? | +----------------------------------------------------+ Best States ------------- Heat Dissipation 43 Energy Generation 28 Energy Capacity 350 Matter Stores 300 Matter Capacity 300 Sight Range 22 Robot Scan Range 15 Terrain Scan Density 10 Evasion (%) 62 Offensive Hacking 12 Item Schematics ----------------- None Robot Schematics ------------------ None Fabricated ------------ Nothing Repaired ---------- Nothing Alien Tech Used ----------------- None Achievements -------------- None Challenges ------------ None Game ------ Seed VortexLinkedSpiker Manual? 0 Play Time 00:11:59 Cumulative 400.6 hours Start 2025.07.26 @ 16:03:56 End 2025.07.26 @ 16:14:49 Sessions 1 Manual Loads 0 Difficulty Rogue Special Mode None Game No. 266 Rogue 266 Adventurer 0 Explorer 0 Win Type - Total 28 Types 22/0/4/2/0/0/0/0/0/0 Lore% 91 Gallery% 82 Achievement% 68 Wizard Run 0 Options --------- Layout 0 ASCII 1 Keyboard 1 Movement Arrows Keybinds 0 Fullscreen 2 Font 18/Terminus Map View 76x50 Zoom Use 0% Tactical HUD 1 Map Filters NONE Filters NONE Steam 1 RUN: 574ff8ee-959c-458f-b59b-de97e01d5a8a